 Dungeon Crawl Stone Soup version 0.28.0-43-g3370ac3207 (webtiles) character file.

Game seed: 6781525752339737011

72 RascalDebosk the Shield-Bearer (level 4, -1/40 HPs)
             Began as a Minotaur Fighter on Mar 31, 2022.
             Slain by Sigmund
             ... wielding a +0 scythe
              (5 damage)
             ... on level 2 of the Dungeon.
             The game lasted 00:10:52 (1337 turns).

RascalDebosk the Shield-Bearer (Minotaur Fighter)   Turns: 1337, Time: 00:10:53

Health: -1/40      AC:  7    Str: 23    XL:     4   Next: 7%
Magic:  3/3        EV:  9    Int:  5    God:
Gold:   94         SH:  4    Dex:  9    Spells: 3/3 levels left

rFire   . . .      SeeInvis .   a - +0 trident
rCold   . . .      Faith    .   c - +0 buckler
rNeg    . . .      Spirit   .   b - +0 scale mail
rPois   .          Reflect  .   (helmet restricted)
rElec   .          Harm     .   (no cloak)
rCorr   .          Rampage  .   (no gloves)
Will    .....                   (no boots)
Stlth   ..........              (no amulet)
HPRegen 0.13/turn               (no ring)
MPRegen 0.08/turn               (no ring)

@: no status effects
A: horns 2, retaliatory headbutt
a: no special abilities


You were on level 2 of the Dungeon.
You visited 1 branch of the dungeon, and saw 2 of its levels.

You collected 94 gold pieces.

Inventory:

Hand Weapons
 a - a +0 trident (weapon)
Armour
 b - a +0 scale mail (worn)
 c - a +0 buckler (worn)
Scrolls
 e - 3 scrolls of identify {unknown}
 f - a scroll of teleportation {unknown}
Potions
 d - a potion of might
 g - a potion of curing {unknown}
 h - a potion of invisibility {unknown}


   Skills:
 + Level 4.2 Fighting
 + Level 3.2 Polearms
 + Level 1.0 Throwing
 + Level 4.2 Armour
 + Level 4.2 Shields


You had 3 spell levels left.
You didn't know any spells.
Your spell library was empty.

Dungeon Overview and Level Annotations

Branches:
Dungeon (2/15)

Altars:

Annotations:
D:2 Sigmund


Innate Abilities, Weirdness & Mutations

You have a pair of horns on your head.
You reflexively headbutt those who attack you in melee.


Message History

There is an open door here.
Found a stone staircase leading down.
You now have 76 gold pieces (gained 7).
As you open the door, it creaks loudly!
A bat comes into view.
You reach to attack!
You closely miss the bat. The bat completely misses you.
You furiously retaliate!
You headbutt the bat!
You kill the bat!
Found a spear.
There is an open door here.
You see here a bat corpse.
You see here a +0 spear.
You now have 94 gold pieces (gained 18).
Sigmund the Dreaded comes into view.
He is wielding a +0 scythe.
Sigmund casts a spell.
Sigmund flickers and vanishes!
Deactivating autopickup; reactivate with Ctrl-A.
Press: ? - help, v - describe, . - travel A rock wall.
You hear some strange, mumbled words.
A puff of flame appears from out of thin air!
The puff of flame hits you.
You puncture something! Something hits you but does no damage.
You miss something. Your headbutt misses something.
Something completely misses you.
You hit something. Something hits you.
You closely miss something. You miss something.
Something hits you but does no damage.
You barely miss something. Your headbutt misses something. Something hits you!
You hit something but do no damage. You headbutt something. Something hits you.
You barely miss something. You closely miss something. Something hits you.
* * * LOW HITPOINT WARNING * * *
You miss something. Something hits you.
* * * LOW HITPOINT WARNING * * *
You barely miss something.
You hear some strange, mumbled words.
Something tries to affect you, but you resist.
You miss something. Something hits you.
You die...

#.#######. ##### #.#
#. ...# #.#######. #
#.#####...#..... #.
#...............
#.###.#####.....##..
#.....# #.....##..
###.### #.........
#@# #.....##.# #{#
#.#.####.# ...
#.#.####.# ##..#
#........# #..#
##...##### ...#
##.....## #..#
##..)....## ...#
#.........##
+.........+.


There were no monsters in sight!

Vanquished Creatures
  Jessica (D:2)
  A dart slug (D:2)
  4 ball pythons
  3 endoplasms
  A giant cockroach (D:1)
  4 goblins
  4 hobgoblins (D:1)
  4 jackals (D:1)
  5 kobolds (D:1)
  7 bats
  3 frilled lizards
  A rat (D:2)
38 creatures vanquished.

Notes
Turn   | Place    | Note
-------+----------+-------------------------------------------
     0 | D:1      | RascalDebosk the Minotaur Fighter began the quest for the
                  | Orb.
     0 | D:1      | Reached XP level 1. HP: 19/19 MP: 0/0
    74 | D:1      | Reached XP level 2. HP: 27/27 MP: 1/1
   596 | D:1      | Reached XP level 3. HP: 33/33 MP: 2/2
   657 | D:2      | Noticed Jessica
   666 | D:2      | Killed Jessica
   811 | D:2      | Reached skill level 1 in Throwing
   926 | D:2      | Reached XP level 4. HP: 40/40 MP: 3/3
   980 | D:2      | Found the +4 robe of Augmentation {Str+4 Int+4 Dex+4}
  1323 | D:2      | Noticed Sigmund
  1337 | D:2      | Slain by Sigmund

Illustrated notes

Levels and vault maps discovered:
D:1:      dpeg_arrival_orchard, layout_loops_cross,
          chequers_serial_rivers_micro_b, hex_tiny
D:2:      layout_loops_corners, uniq_jessica, uniq_sigmund

Skill      XL: |  1  2  3 |
---------------+----------+-----
Fighting       | 4 |  4.2
Armour         | 4 |  4.2
Shields        | 4 |  4.2
Polearms       | 3 |  3.2
Throwing       | 1 |  1.0

Action                   |  1- 3 |  4- 6 || total
-------------------------+-------+-------++-------
Melee: Trident           |    86 |    17 ||   103
       Headbutt          |     7 |     2 ||     9
Armor: Scale mail        |    41 |     3 ||    44
Dodge: Dodged            |    33 |     2 ||    35
Block: Buckler           |    15 |       ||    15
